 Dungeon Crawl Stone Soup version 0.30-a0-4-ga7cffc901d (webtiles) character file.

Game seed: 10104469300419173067

35 Setbun the Sneak (level 3, 0/20 HPs)
             Began as a Kobold Enchanter on Aug 20, 2022.
             Slain by an endoplasm (1 damage)
             ... on level 2 of the Dungeon.
             The game lasted 00:01:17 (1076 turns).

Setbun the Sneak (Kobold Enchanter)                 Turns: 1076, Time: 00:01:17

Health: 0/20       AC:  2    Str:  5    XL:     3   Next: 55%
Magic:  6/6        EV: 15    Int: 16    God:
Gold:   22         SH:  0    Dex: 17    Spells: 6/6 levels left

rFire   . . .      SeeInvis .    a - +1 dagger
rCold   . . .      Faith    .    (no shield)
rNeg    . . .      Spirit   .    b - +0 robe
rPois   .          Reflect  .    (no helmet)
rElec   .          Harm     .    (no cloak)
rCorr   +          Rampage  .    (no gloves)
Will    .....                    (no boots)
Stlth   ++++......               (no amulet)
HPRegen 0.06/turn                h - ring of resist corrosion
MPRegen 0.10/turn                (no ring)

@: no status effects
A: small, no large weapons, nightstalker 3
a: no special abilities


You were on level 2 of the Dungeon.
You visited 1 branch of the dungeon, and saw 2 of its levels.

You collected 22 gold pieces.

Inventory:

Hand Weapons
 a - a +1 dagger (weapon)
Armour
 b - a +0 robe (worn)
Jewellery
 h - a ring of resist corrosion (left hand)
Scrolls
 e - a scroll of magic mapping {unknown}
 f - a scroll of butterflies {unknown}
 g - a scroll of identify {unknown}
 j - a scroll of summoning {unknown}
Potions
 c - 2 potions of invisibility
 d - 2 potions of curing {unknown}
 i - a potion of cancellation {unknown}


   Skills:
 + Level 0.5 Fighting
 * Level 2.5 Short Blades
 + Level 2.6 Dodging
 * Level 4.6 Stealth
 + Level 2.4 Spellcasting
 + Level 3.2 Hexes


You had 6 spell levels left.
You didn't know any spells.
Your spell library contained the following spells:

 Spells                   Type           Power      Damage    Failure   Level
 Ensorcelled Hibernation  Hex/Ice        14%        N/A       16%         2
 Confusing Touch          Hex            12%        N/A       16%         3
 Tukima's Dance           Hex            12%        N/A       16%         3
 Dazzling Flash           Conj/Hex       14%        N/A       30%         3


Dungeon Overview and Level Annotations

Branches:
Dungeon (1/15)

Altars:


Innate Abilities, Weirdness & Mutations

You are small and have problems with some larger weapons.
You are completely attuned to the shadows.


Message History

The jackal is lightly wounded.
The jackal completely misses you. The jackal bites you. The jackal misses you.
You barely miss the jackal.
The jackal is lightly wounded.
The jackal bites you. The jackal closely misses you. The jackal misses you.
The jackal completely misses you.
You closely miss the jackal.
The jackal is lightly wounded.
The jackal barely misses you. The jackal misses you. x2
An endoplasm comes into view.
The endoplasm freezes you.
You are frozen.
You are too injured to fight recklessly!
You are too injured to fight recklessly!
You are too injured to fight recklessly!
You are too injured to fight recklessly!
You are too injured to fight recklessly!
You are too injured to fight recklessly!
You are too injured to fight recklessly!
You are too injured to fight recklessly!
You are too injured to fight recklessly!
You are too injured to fight recklessly!
You are too injured to fight recklessly!
You are too injured to fight recklessly!
You are too injured to fight recklessly!
You are too injured to fight recklessly!
You are too injured to fight recklessly!
You are too injured to fight recklessly!
You are too injured to fight recklessly!
Unknown command.
You can't go down here!
The endoplasm attacks as you move away! The endoplasm hits you.
* * * LOW HITPOINT WARNING * * *
The jackal bites you.
* * * LOW HITPOINT WARNING * * *
The jackal attacks as you move away! The jackal closely misses you.
The jackal attacks as you move away! The jackal bites you.
* * * LOW HITPOINT WARNING * * *
The endoplasm attacks as you move away! The endoplasm hits you.
You die...

#.### ..... ##....
#...#.# ##.....
###...#.# #......
##!....#.# #......
....#.†#.#####......
.
#.......)......†...
..
#.......#####......
##.#h@....## ##.....
....hhJ...# ......
#.......... .......
#.......!..
.J........ .........


You could see 2 endoplasms and 3 jackals.

Vanquished Creatures
  A dart slug (D:2)
  3 ball pythons (D:1)
  2 endoplasms (D:1)
  5 giant cockroaches (D:1)
  4 goblins (D:1)
  2 hobgoblins
  2 jackals (D:1)
  2 bats
  3 frilled lizards (D:1)
  3 kobolds
  3 rats
30 creatures vanquished.

Notes
Turn   | Place    | Note
-------+----------+-------------------------------------------
     0 | D:1      | Setbun the Kobold Enchanter began the quest for the Orb.
     0 | D:1      | Reached XP level 1. HP: 10/10 MP: 3/3
    64 | D:1      | Reached XP level 2. HP: 10/15 MP: 5/5
   600 | D:1      | Reached XP level 3. HP: 20/20 MP: 6/6
   998 | D:1      | You fall into a shaft and drop 1 floor!
  1076 | D:2      | HP: 1/20 [jackal (2)]
  1076 | D:2      | Slain by an endoplasm

Illustrated notes

Levels and vault maps discovered:
D:1:      minmay_arrival_nine_rooms, layout_basic, dreamdust_princess_corridor,
          minmay_misc_feat_pillars
D:2:      layout_rooms, basic_altar

Skill      XL: |  1  2 |
---------------+-------+-----
Short Blades   | 2 |  2.5
Fighting       | |  0.5
Dodging        | |  2.6
Stealth        | |  4.6
Spellcasting   | |  2.4
Hexes          | |  3.2

Action                   || total
-------------------------++-------
Melee: Dagger            ||   114
       Punch             ||     1
 Stab: Sleeping          ||    15
Armor: Robe              ||    13
Dodge: Dodged            ||    92

Table legend: (Time is in decaauts)
 A = Elapsed time spent in this place.
 B = Non-inter-level travel time spent in this place.
 C = Inter-level travel time spent in this place.
 D = Time resting spent in this place.
 E = Time spent auto-exploring this place.
 F = Levels seen in this place.
 G = Mean time per level.
                   A        B        C        D        E       F      G
               +--------+--------+--------+--------+--------+-----+--------+
         Total |   1063 |   1063 |      0 |    323 |    522 |   2 |  531.5 |
       Dungeon |   1063 |   1063 |      0 |    323 |    522 |   2 |  531.5 |
               +--------+--------+--------+--------+--------+-----+--------+

Top non-repeatable levels by time:
     D:1: 989 daAuts
     D:2: 74 daAuts
